 Dungeon Crawl Stone Soup version 0.25.1-4-g9407a263a5 (webtiles) character file.

Game seed: 8599642624963857176

63554 Neonpingvin the Impaler (level 14, -23/130 HPs)
             Began as a Minotaur Berserker on Nov 28, 2020.
             Was a High Priest of Trog.
             Killed from afar by a shock serpent (24 damage)
             ... with a bolt of electricity
             ... on level 3 of the Snake Pit.
             The game lasted 01:33:48 (24575 turns).

Neonpingvin the Impaler (Minotaur Berserker)       Turns: 24575, Time: 01:33:50

Health: -23/130    AC: 18    Str: 26    XL:     14   Next: 68%
Magic:  13/13      EV: 15    Int:  4    God:    Trog [*****.]
Gold:   940        SH: 13    Dex: 17    Spells: 13/13 levels left

rFire    . . .     SeeInvis .   M - +2 trident (flame)
rCold    + . .     Gourm    .   l - +0 buckler
rNeg     . . .     Faith    .   E - +2 chain mail {rC+}
rPois    +         Spirit   .   (helmet restricted)
rElec    .         Reflect  +   (no cloak)
rCorr    .         Harm     .   o - +2 pair of gloves
MR       +....                  (no boots)
Stlth    ..........             u - amulet of reflection
HPRegen  0.31/turn              g - +6 ring of dexterity
MPRegen  0.13/turn              B - ring of poison resistance

@: no status effects
A: retaliatory headbutt, horns 2
a: Berserk, Trog's Hand, Brothers in Arms, Renounce Religion


You were on level 3 of the Snake Pit.
You worshipped Trog.
Trog was extremely pleased with you.
You were near starving.

You visited 3 branches of the dungeon, and saw 17 of its levels.
You also visited: Ossuary.

You collected 940 gold pieces.

Inventory:

Hand Weapons
 a - a +1 spear
 x - a +2 trident
 K - a +2 vorpal glaive
 L - a +0 demon trident
 M - a +2 trident of flaming (weapon)
 O - a +6 eveningstar
Missiles
 z - 31 poisoned darts (quivered)
Armour
 b - a +0 animal skin
 f - a +1 leather armour
 l - a +0 buckler (worn)
 o - a +2 pair of gloves (worn)
 s - a +0 ring mail
 E - a +2 chain mail of cold resistance (worn)
Jewellery
 g - a +6 ring of dexterity (left hand)
 m - a +6 ring of dexterity
 u - an amulet of reflection (around neck)
 B - a ring of poison resistance (right hand)
 G - a +6 ring of dexterity
 P - an uncursed ring of poison resistance
 R - a cursed ring of attention
Wands
 k - a wand of enslavement (11)
 v - a wand of iceblast (20)
 w - a wand of flame (80)
 A - a wand of disintegration (5)
 F - a wand of acid (14)
 H - a wand of polymorph (11)
 J - a wand of digging (10)
Scrolls
 d - 5 scrolls of remove curse
 e - 10 scrolls of identify
 h - 2 scrolls of noise
 j - 2 scrolls of magic mapping
 n - 8 scrolls of teleportation
 y - a scroll of holy word
 C - 4 scrolls of fear
 D - 2 scrolls of blinking
 N - 2 scrolls of silence
Potions
 i - 7 potions of curing
 p - 2 potions of haste
 q - a potion of flight
 r - 2 potions of heal wounds
 t - 4 potions of brilliance
 I - a potion of stabbing
 Q - a potion of ambrosia
 S - 2 potions of berserk rage
Comestibles
 c - 11 rations


   Skills:
 + Level 13.7 Fighting
 + Level 15.8 Polearms
 + Level 14.0 Armour
 + Level 9.7 Dodging
 + Level 5.0 Stealth
 + Level 13.5 Shields


You had 13 spell levels left.
You didn't know any spells.
Your spell library was empty.

Dungeon Overview and Level Annotations

Branches:
Dungeon (9/15)             Temple (0/1) D:6            Lair (5/6) D:9
 Shoals (0/4) Lair:2        Snake (3/4) Lair:4      Ossuary (visited)
  Slime: Lair:5-6       Orc: D:9-12

Altars:
Ashenzari
Cheibriados
Hepliaklqana
Kikubaaqudgha
Nemelex Xobeh
Okawaru
Qazlal
Ru
Trog
Wu Jian
The Shining One

Shops:
D:4 [   D:7 =   D:9 (   Snake:2 *

Annotations:
D:6 1 transporter


Innate Abilities, Weirdness & Mutations

You reflexively headbutt those who attack you in melee.
You have a pair of horns on your head.


Message History

A mana viper comes into view. x2
The mana viper moves out of view.
A naga ritualist comes into view. It is wielding a +1 dagger of venom.
The shock serpent bites you! The shock serpent shocks you!
You impale the shock serpent!! You burn the shock serpent.
You headbutt the shock serpent, but do no damage.
The shock serpent is severely wounded.
The shock serpent's electric aura discharges violently, shocking you!
* * * LOW HITPOINT WARNING * * *
You hear an angry hiss.
The shock serpent shoots out a bolt of lightning at you!
The bolt of electricity misses you. The bolt of electricity hits you!!
* * * LOW HITPOINT WARNING * * *
You feel much better.
A mana viper comes into view.
The shock serpent shoots out a bolt of lightning at you!
The bolt of electricity hits you!!
* * * LOW HITPOINT WARNING * * *
The bolt of electricity hits you!!
You die...

.# #####
#.....#
.#
#...###
##
#...##
##...#
#...##
#....###
#......#
#...##.#
######@#
#S# #S#
#.. ###
# .N#
..###..
#..
...<...
##S
.....>.
. .#...


You could see a naga ritualist, a shock serpent and 2 mana vipers.

Vanquished Creatures
  A nagaraja (Snake:3)
  Harold (D:8)
  2 hydras
  6 naga warriors
  7 anacondas
  A two-headed ogre (D:9)
  2 shock serpents
  Nergalle (Lair:4)
  9 naga sharpshooters
  A salamander mystic (Snake:3)
  4 naga ritualists (Snake:1)
  4 mana vipers (Snake:1)
  4 salamanders
  42 black mambas
  8 naga magi
  2 guardian serpents
  A rime drake (Lair:4)
  5 spiny frogs
  4 komodo dragons
  A slime creature (Lair:5)
  A snapping turtle (Lair:2)
  11 blink frogs
  5 hippogriffs
  A spriggan (D:8)
  25 yaks
  A hungry ghost (D:7)
  A basilisk (Lair:4)
  17 nagas
  17 water moccasins
  5 porcupines
  2 ice beasts
  A black bear (D:6)
  A necrophage (D:9)
  3 ogres
  19 wolves
  5 centaurs
  2 phantoms
  8 crocodiles
  14 bullfrogs
  4 water moccasin zombies (Ossuary)
  4 scorpions
  6 killer bees (D:9)
  4 wights (D:6)
  4 howler monkeys
  A crimson imp (D:9)
  A centaur zombie (D:7)
  A jelly (D:9)
  A hound (D:8)
  6 orc wizards
  Crazy Yiuf (D:3)
  5 orc priests
  2 bullfrog skeletons
  Jessica (D:2)
  Ijyb (D:4)
  4 worker ants
  4 iguanas
  A big kobold zombie (Ossuary)
  A hound skeleton (D:7)
  3 mummies
  A worker ant zombie (D:6)
  A howler monkey zombie (D:7)
  10 adders
  10 gnolls
  A shadow imp (D:9)
  2 oozes (D:2)
  8 adder zombies
  4 worms
  A dart slug (D:2)
  6 leopard geckos
  21 orcs
  2 giant cockroaches
  A gnoll zombie (Ossuary)
  7 goblins
  12 hobgoblins
  9 jackals
  8 kobolds
  4 quokkas
  A ball python (D:3)
  5 bats
  6 frilled lizards
  A giant cockroach zombie (D:6)
  5 hobgoblin zombies (Ossuary)
  4 kobold zombies (Ossuary)
  5 orc zombies (Ossuary)
  A quokka zombie (D:9)
  8 rats
  A butterfly (Lair:4)
  3 plants
448 creatures vanquished.

Vanquished Creatures (collateral kills)
  The ghost of Nyzic the Grappler, a journeyman TrMo (Lair:4)
  A torpor snail (Lair:4)
  3 yaks (D:9)
5 creatures vanquished.

Vanquished Creatures (others)
  A naga mage (Snake:1)
  3 plants
4 creatures vanquished.

Grand Total: 457 creatures vanquished

Notes
Turn   | Place    | Note
-------+----------+-------------------------------------------
     0 | D:1      | Neonpingvin the Minotaur Berserker began the quest for the
                  | Orb.
     0 | D:1      | Reached XP level 1. HP: 19/19 MP: 0/0
    89 | D:1      | Reached XP level 2. HP: 27/27 MP: 1/1
   406 | D:1      | Reached skill level 4 in Polearms
   935 | D:2      | Reached XP level 3. HP: 30/33 MP: 2/2
   973 | D:2      | Reached ** piety under Trog
  1013 | D:2      | Found a sacrificial altar of Ru.
  1065 | D:2      | Reached XP level 4. HP: 41/41 MP: 3/3
  1102 | D:2      | Noticed Jessica
  1109 | D:2      | Killed Jessica
  1109 | D:2      | Reached skill level 5 in Polearms
  1579 | D:3      | Reached XP level 5. HP: 45/47 MP: 4/4
  1638 | D:3      | Reached *** piety under Trog
  2017 | D:3      | Found a runed translucent door.
  2018 | D:3      | Noticed Crazy Yiuf
  2102 | D:3      | Killed Crazy Yiuf
  2500 | D:4      | Found an ornate altar of the Wu Jian Council.
  2544 | D:4      | Reached XP level 6. HP: 55/55 MP: 5/5
  2577 | D:4      | Reached skill level 5 in Fighting
  2577 | D:4      | Reached skill level 6 in Polearms
  2577 | D:4      | Reached skill level 1 in Shields
  2632 | D:4      | Found Fucoyxoy's Antique Armour Shoppe.
  2668 | D:4      | Noticed Ijyb
  2684 | D:4      | Killed Ijyb
  3104 | D:4      | Reached skill level 1 in Stealth
  3104 | D:4      | Reached XP level 7. HP: 61/61 MP: 6/6
  3243 | D:4      | Found a bloodstained altar of Trog.
  3397 | D:4      | Reached skill level 7 in Polearms
  3589 | D:4      | Reached **** piety under Trog
  3652 | D:5      | Entered Level 5 of the Dungeon
  3960 | D:5      | Reached XP level 8. HP: 36/70 MP: 7/7
  4591 | D:5      | Found an ancient bone altar of Kikubaaqudgha.
  4697 | D:6      | Reached skill level 8 in Polearms
  4697 | D:6      | Reached skill level 5 in Dodging
  4741 | D:6      | Found a snail-covered altar of Cheibriados.
  4777 | D:6      | Found a transporter.
  4812 | D:6      | Found a staircase to the Ecumenical Temple.
  4943 | D:6      | Found a sand-covered staircase.
  4954 | Ossuary  | Entered an ossuary
  4973 | Ossuary  | Reached skill level 5 in Armour
  5037 | Ossuary  | Reached skill level 9 in Polearms
  5093 | Ossuary  | Reached ***** piety under Trog
  5265 | D:6      | Reached XP level 9. HP: 73/78 MP: 8/8
  5277 | D:6      | Found a transporter.
  6200 | D:6      | Found a stormy altar of Qazlal.
  6530 | D:7      | Found Wycvofi's Jewellery Shop.
  6687 | D:7      | Reached skill level 10 in Polearms
  7203 | D:7      | Reached skill level 5 in Shields
  7310 | D:7      | Found a shattered altar of Ashenzari.
  7310 | D:7      | Found a hazy altar of Hepliaklqana.
  7455 | D:7      | Found a sparkling altar of Nemelex Xobeh.
  7457 | D:7      | Found a glowing golden altar of the Shining One.
  8088 | D:8      | Reached skill level 11 in Polearms
  8130 | D:8      | Noticed Harold
  8155 | D:8      | Killed Harold
  8155 | D:8      | Reached XP level 10. HP: 34/86 MP: 9/9
  9437 | D:9      | Found Cappil's Weapon Shoppe.
  9458 | D:9      | Found a staircase to the Lair.
  9841 | D:9      | Noticed a two-headed ogre
  9842 | D:9      | Found an iron altar of Okawaru.
  9848 | D:9      | Killed a two-headed ogre
  9848 | D:9      | Reached skill level 12 in Polearms
 10333 | Lair:1   | Entered Level 1 of the Lair of Beasts
 10337 | Lair:1   | Noticed a black mamba
 10354 | Lair:1   | Killed a black mamba
 10387 | Lair:1   | Reached XP level 11. HP: 62/95 MP: 10/10
 10666 | Lair:1   | Received a gift from Trog
 11711 | Lair:1   | Reached skill level 13 in Polearms
 12219 | Lair:2   | Found a staircase to the Shoals.
 13622 | Lair:3   | Reached skill level 10 in Fighting
 14012 | Lair:3   | Reached XP level 12. HP: 87/107 MP: 11/11
 14736 | Lair:4   | Reached skill level 14 in Polearms
 14924 | Lair:4   | Found a runed translucent door.
 15031 | Lair:4   | Noticed Nyzic's ghost (journeyman TrMo)
 15084 | Lair:4   | Reached skill level 10 in Armour
 15436 | Lair:4   | Noticed an eight-headed hydra
 15742 | Lair:4   | Killed an eight-headed hydra
 16007 | Lair:4   | Noticed Nergalle
 16028 | Lair:4   | Killed Nergalle
 16034 | Lair:4   | Found a staircase to the Snake Pit.
 16302 | Lair:4   | Received a gift from Trog
 16995 | Lair:4   | Reached skill level 10 in Shields
 17003 | Lair:4   | Killed Nyzic's ghost
 17096 | Lair:5   | Noticed a six-headed hydra
 17101 | Lair:5   | Killed a six-headed hydra
 17123 | Snake:1  | Entered Level 1 of the Snake Pit
 17336 | Lair:4   | Reached XP level 13. HP: 88/116 MP: 12/12
 17598 | Snake:1  | Reached skill level 5 in Stealth
 18654 | Lair:4   | HP: 5/118 [poisoned by a naga ritualist (toxic radiance)]
 18659 | Lair:4   | HP: 5/118 [poisoned by a naga ritualist (toxic radiance)]
 18666 | Lair:4   | HP: 5/118 [poisoned by a naga ritualist (toxic radiance)]
 18674 | Lair:4   | HP: 5/118 [poisoned by a naga ritualist (toxic radiance)]
 19725 | Snake:1  | Reached skill level 15 in Polearms
 20226 | Snake:1  | Received a gift from Trog
 21457 | Snake:1  | Reached XP level 14. HP: 103/127 MP: 13/13
 22049 | Snake:2  | Found Nayqoseu's Assorted Antiques.
 24308 | Snake:3  | Noticed a nagaraja
 24330 | Snake:3  | Killed a nagaraja
 24575 | Snake:3  | HP: 1/130 [shock serpent/bolt of electricity (32)]
 24575 | Snake:3  | Killed from afar by a shock serpent

Illustrated notes

Levels and vault maps discovered:
D:1:      mushboom_english_gardens, layout_loops_ring, minmay_misc_feat_rugged,
          minmay_distorted
D:2:      layout_rooms, overflow_temple_1_default, uniq_jessica
D:3:      layout_basic, uniq_crazy_yiuf_cottage
D:4:      layout_loops_corners, overflow_temple_1_default, first_ration,
          serial_shops, shop_fountains, trog_hazing_becter, uniq_ijyb
D:5:      layout_basic, kiku_gazebo_pond_becter
D:6:      gammafunk_steamed_eel, layout_loops_ring,
          nicolae_qazlal_eye_of_the_storm, slow_altar_2,
          minmay_temple_entry_gardened_gates,
          lightli_ossuary_entry_decrepit_ruins
D:7:      layout_basic, nicolae_overflow_hidden_temple, serial_shops,
          nicolae_shop_waterfront
D:8:      layout_basic, the_bakery, serial_park_tiny_1, uniq_harold
D:9:      layout_rooms, marbit_many_paths, david_lair_shrubbed, serial_shops,
          shop, minmay_stone_trees_small
Lair:1:   layout_regular_city
Lair:2:   layout_regular_city, minmay_shoals_entry_hut, uniq_urug
Lair:3:   layout_concentric_octagons
Lair:4:   beast_lair_carwin_large_4, layout_cave_pods,
          guppyfry_snake_entry_island, ebering_ghost_inner_flame,
          serial_bayou_shore_b, lemuel_fruit_fields, uniq_nergalle
Lair:5:   gammafunk_mikee_crab_dinner, layout_cave_shapes,
          minmay_slime_entry_pillars, lemuel_fruit_fields
Snake:1:  layout_gridlike, drop_trap
Snake:2:  layout_basic, serial_shops, shop, grunt_megastairs_5
Snake:3:  layout_misc_corridors, st_stairs_4, serial_bayou_pond_d

Skill      XL: |  1  2  3  4  5  6  7  8  9 10 11 12 13 14 |
---------------+-------------------------------------------+-----
Fighting       | 4 5 6 7 8 10 11 12 13 | 13.7
Polearms       | 4 5 6 7 9 11 12 13 14 15 | 15.8
Dodging        | 3 4 5 6 7 8 9 |  9.7
Armour         | 3 4 5 7 8 9 11 13 14 | 14.0
Shields        | 1 2 4 5 6 8 10 12 13 | 13.5
Stealth        | 1 2 4 5 |  5.0

Action                   |  1- 3 |  4- 6 |  7- 9 | 10-12 | 13-15 || total
-------------------------+-------+-------+-------+-------+-------++-------
Melee: Spear             |    56 |   120 |   248 |       |       ||   424
       Headbutt          |     8 |    32 |   133 |   197 |   182 ||   552
       Trident           |       |       |   102 |   716 |   615 ||  1433
Invok: Berserk           |       |     1 |     2 |     8 |     1 ||    12
       Brothers in Arms  |       |       |       |     2 |       ||     2
  Use: Scroll            |     4 |     5 |     6 |    12 |     2 ||    29
       Potion            |     1 |     3 |     4 |     5 |     6 ||    19
 Stab: Sleeping          |       |     1 |     8 |     3 |       ||    12
       Distracted        |       |       |       |     1 |       ||     1
  Eat: Chunk             |       |     8 |     8 |    23 |     2 ||    41
       Ration            |       |       |     3 |     4 |     6 ||    13
Armor: Animal skin       |     4 |       |       |       |       ||     4
       Leather armour    |     4 |    34 |     3 |       |       ||    41
       Ring mail         |       |       |    50 |    49 |       ||    99
       Chain mail        |       |       |       |    98 |   118 ||   216
Dodge: Dodged            |    45 |    83 |   190 |   331 |   196 ||   845
Block: Buckler           |     1 |    29 |    74 |   285 |   262 ||   651
       Reflection        |       |       |       |     1 |    33 ||    34
